 Dungeon Crawl Stone Soup version 0.24-a0-581-gc0fa6600bf (webtiles) character file.

Game seed: 14197316048289910312

1533 Flugkiller the Ducker (level 8, 0/61 HPs)
             Began as an Octopode Hunter on Aug 25, 2019.
             Was an Initiate of Gozag.
             Slain by a steam dragon (2 damage)
             ... on level 6 of the Dungeon.
             The game lasted 00:11:48 (9929 turns).

Flugkiller the Ducker (Octopode Hunter)             Turns: 9929, Time: 00:11:49

Health: 0/61       AC:  2    Str: 11    XL:     8   Next: 85%
Magic:  17/17      EV: 25    Int: 15    God:    Gozag
Gold:   269        SH:  0    Dex: 22    Spells: 7/7 levels left

rFire    . . .     SeeInvis +   p - -3 dagger (curse)
rCold    . . .     Gourm    .   (no shield)
rNeg     . . .     Faith    .   (helmet restricted)
rPois    .         Spirit   .   q - amulet of rage
rElec    .         Reflect  .   d - +4 ring of dexterity
rCorr    .         Harm     .   i - ring of see invisible
MR       .....     Clarity  +   n - ring of wizardry
Stlth    +++++.....             g - +1 ring of protection
HPRegen  0.20/turn              m - ring of magical power
MPRegen  0.15/turn              (no ring)
                                (no ring)
                                (no ring)

@: agile, flying, hasted, very quick
A: almost no armour, stealthy swim, amphibious, 8 rings, constrict 8, camouflage
1, clarity, sense surroundings 1, gelatinous body 1
a: Potion Petition, Call Merchant, Bribe Branch, Renounce Religion, Evoke
Berserk Rage


You were on level 6 of the Dungeon.
You worshipped Gozag.
Gozag was aware of your devotion.
You were not hungry.

You visited 2 branches of the dungeon, and saw 8 of its levels.

You collected 434 gold pieces.
You spent 71 gold pieces at shops.
You paid 94 gold pieces to Gozag.

Inventory:

Hand Weapons
 a - a +1 hand crossbow
 b - a +0 short sword
 p - a cursed -3 dagger (weapon)
   (You found it on level 4 of the Dungeon)
Missiles
 c - 17 bolts
 o - 202 stones (quivered)
Jewellery
 d - a +4 ring of dexterity (left tentacle)
   (You found it on level 3 of the Dungeon)
 g - a +1 ring of protection (on tentacle)
   (You found it on level 1 of the Dungeon)
 i - a ring of see invisible (right tentacle)
   (You found it on level 1 of the Dungeon)
 m - a ring of magical power (on tentacle)
   (You found it on level 4 of the Dungeon)
 n - a ring of wizardry (on tentacle)
   (You found it on level 3 of the Dungeon)
 q - an amulet of rage (around mantle)
   (You found it on level 3 of the Dungeon)
Wands
 y - a wand of polymorph (12)
   (You found it on level 6 of the Dungeon)
Scrolls
 e - 3 scrolls of enchant armour
 j - a scroll of fog
 k - a scroll of magic mapping {unknown}
 r - 2 scrolls of teleportation
 t - a scroll of amnesia
 u - a scroll of blinking {unknown}
 x - a scroll of random uselessness {unknown}
 B - a scroll of fear
 C - a scroll of summoning {unknown}
 D - a scroll of remove curse
Potions
 h - a potion of ambrosia
 l - 2 potions of curing
 s - a potion of heal wounds {unknown}
 v - a potion of lignification {unknown}
 w - a potion of flight {unknown}
 z - 2 potions of invisibility {unknown}
 A - a potion of mutation
Comestibles
 f - 9 rations


   Skills:
 - Level 7.8 Fighting
 - Level 4.0 Crossbows
 - Level 7.8 Dodging
 + Level 2.3 Stealth


You had 7 spell levels left.
You didn't know any spells.
Your spell library was empty.

Dungeon Overview and Level Annotations

Branches:
Dungeon (7/15)             Temple (1/1) D:5

Altars:
Dithmenos
Elyvilon
Fedhas
Gozag
Hepliaklqana
Kikubaaqudgha
Makhleb
Okawaru
Qazlal
Ru
Sif Muna
Trog
Uskayaw
Vehumet
Xom
Yredelemnul
Zin
The Shining One

Shops:
D:6 ?

Annotations:
D:3 1 runed translucent door, exclusion: centaur, Crazy Yiuf


Innate Abilities, Weirdness & Mutations

You cannot wear most types of armour.
You are very stealthy in the water. (Stealth+)
You are amphibious.
You can wear up to eight rings at the same time.
You can use your tentacles to constrict eight enemies at once.
Your skin changes colour to match your surroundings (Stealth+).
Your rubbery body absorbs attacks. (AC +1, EV +1)
You possess an exceptional clarity of mind.
You passively map a small area around you.


Message History

* * * LOW HITPOINT WARNING * * *
The steam dragon closely misses you.
You barely miss the steam dragon.
The steam dragon is moderately wounded.
Unknown command.
You hit the steam dragon.
The steam dragon is moderately wounded.
The steam dragon bites you but does no damage.
The steam dragon barely misses you.
Unknown command.
You closely miss the steam dragon.
The steam dragon is moderately wounded.
The steam dragon closely misses you. The steam dragon misses you.
Unknown command.
You hit the steam dragon but do no damage.
You squeeze the steam dragon, but do no damage.
The steam dragon is moderately wounded.
The steam dragon breathes steam at you. The ball of steam hits you!!
* * * LOW HITPOINT WARNING * * *
You hit the steam dragon but do no damage.
The steam dragon is moderately wounded.
You are engulfed in a cloud of scalding steam.
* * * LOW HITPOINT WARNING * * *
The steam dragon completely misses you. x2
Unknown command.
You barely miss the steam dragon.
The steam dragon is moderately wounded.
Unknown command.
You hit the steam dragon but do no damage.
You squeeze the steam dragon.
The steam dragon is heavily wounded.
The steam dragon barely misses you. The steam dragon completely misses you.
Unknown command.
You hit the steam dragon but do no damage.
The steam dragon is heavily wounded.
The steam dragon breathes steam at you. The ball of steam misses you.
Unknown command.
Unknown command.
You barely miss the steam dragon.
The steam dragon is moderately wounded.
The steam dragon completely misses you. The steam dragon misses you.
Unknown command.
You hit the steam dragon but do no damage.
You squeeze the steam dragon.
The steam dragon is heavily wounded.
The steam dragon closely misses you. The steam dragon claws you.
You die...
Your body crumbles into a pile of gold.

#..........# #.##
#..........# ##..##
#..........######.....
##................#.##
#...............###.##
#..........#..#.###..#
#..........##.#..###.#
#..........##.##.# #.#
#....@.....##....# #..
##§§§D.....####..# ##.
##.>§...#.# #..## ##
########.# #...# #..#
##..####
###.#######.....
#........####...
#........#......
#..........#####


You could see a steam dragon.

Vanquished Creatures
  A phantom (D:5)
  An ogre (D:5)
  A necrophage (D:4)
  3 centaurs
  A water moccasin zombie (D:5)
  3 scorpions
  A howler monkey (D:5)
  2 crimson imps (D:5)
  A quasit (D:6)
  2 orc priests
  A jelly (D:6)
  A centaur skeleton (D:4)
  2 hounds
  3 orc wizards (D:4)
  Jessica (D:2)
  An iguana (D:6)
  2 worker ants
  A hound zombie (D:6)
  A worker ant zombie (D:5)
  8 gnolls
  10 adders
  2 shadow imps
  An ooze (D:3)
  An adder skeleton (D:5)
  8 worms
  3 dart slugs
  5 leopard geckos
  10 orcs
  2 giant cockroaches
  8 goblins
  4 hobgoblins (D:1)
  9 jackals
  3 quokkas
  A ball python (D:1)
  10 bats
  6 frilled lizards
  7 kobolds
  2 quokka skeletons (D:4)
  4 rats
133 creatures vanquished.

Vanquished Creatures (others)
  An orc (D:7)
1 creature vanquished.

Grand Total: 134 creatures vanquished

Notes
Turn   | Place    | Note
-------+----------+-------------------------------------------
     0 | D:1      | Flugkiller the Octopode Hunter began the quest for the Orb.
     0 | D:1      | Reached XP level 1. HP: 14/14 MP: 1/1
    77 | D:1      | Reached XP level 2. HP: 17/20 MP: 2/2
   462 | D:1      | Gained mutation: You are clumsy. (Dex -2) [potion of
                  | mutation]
   462 | D:1      | Gained mutation: You passively map a small area around you.
                  | [potion of mutation]
   462 | D:1      | Gained mutation: You passively map the area around you.
                  | [potion of mutation]
   467 | D:1      | Reached XP level 3. HP: 22/25 MP: 3/3
   471 | D:1      | Lost mutation: You are clumsy. (Dex -2) [potion of
                  | mutation]
   471 | D:1      | Lost mutation: You passively map the area around you.
                  | [potion of mutation]
   471 | D:1      | Gained mutation: You tend to lose your temper in combat.
                  | [potion of mutation]
   471 | D:1      | Lost mutation: You tend to lose your temper in combat.
                  | [potion of mutation]
   471 | D:1      | Gained mutation: You possess an exceptional clarity of
                  | mind. [potion of mutation]
  1626 | D:1      | Reached XP level 4. HP: 11/31 MP: 4/4
  2674 | D:2      | Reached XP level 5. HP: 37/37 MP: 5/5
  2781 | D:2      | Noticed Jessica
  2783 | D:2      | Killed Jessica
  2786 | D:2      | You fall into a shaft and drop 2 floors!
  3988 | D:3      | Noticed a centaur
  4270 | D:3      | Found a runed translucent door.
  4271 | D:3      | Noticed Crazy Yiuf
  4616 | D:4      | Reached XP level 6. HP: 44/44 MP: 6/6
  4820 | D:4      | Reached skill level 5 in Fighting
  4820 | D:4      | Reached skill level 5 in Dodging
  5367 | D:4      | Reached XP level 7. HP: 34/50 MP: 7/7
  5735 | D:5      | Entered Level 5 of the Dungeon
  6112 | D:5      | Reached XP level 8. HP: 18/58 MP: 8/8
  6374 | D:5      | Found a radiant altar of Vehumet.
  7574 | D:5      | Found a staircase to the Ecumenical Temple.
  7592 | Temple   | Entered the Ecumenical Temple
  7786 | Temple   | Became a worshipper of Gozag Ym Sagoz the Greedy
  8379 | D:6      | Found Cenag's Magic Scroll Emporium.
  8580 | D:6      | Bought a scroll of fear for 38 gold pieces
  8580 | D:6      | Bought a scroll of teleportation for 33 gold pieces
  9370 | D:6      | HP: 3/60 [acid (4)]
  9922 | D:6      | HP: 1/61 [steam dragon] (3)]
  9929 | D:6      | Slain by a steam dragon

Levels and vault maps discovered:
D:1:      kennysheep_arrival_forest, layout_basic
D:2:      layout_basic, uniq_jessica
D:3:      layout_loops_ring, first_ration, uniq_crazy_yiuf_cottage
D:4:      layout_loops_corners
D:5:      layout_loops_cross, minmay_temple_entry_purple_smoke, basic_altar
D:6:      layout_rooms, serial_shops, nicolae_shop_waterfront
D:7:      cheibrodos_quashed, layout_loops_corners,
          gammafunk_temple_overflow_statue, serial_undead, serial_undead_e,
          serial_undead_c, serial_undead_b, serial_undead_a
Temple:   eino_narrow_crystal_temple

Skill      XL: |  1  2  3  4  5  6  7  8 |
---------------+-------------------------+-----
Dodging        | 3 4 5 6 7 |  7.8
Fighting       | 3 4 5 6 7 |  7.8
Stealth        | 2 |  2.3
Crossbows      | |  4.0

Action                   |  1- 3 |  4- 6 |  7- 9 || total
-------------------------+-------+-------+-------++-------
Melee: Short sword       |    77 |   143 |     3 ||   223
       Constrict         |    25 |    35 |    41 ||   101
       Tentacles         |    14 |    35 |    74 ||   123
       Dagger            |       |       |   297 ||   297
 Fire: Hand crossbow     |    15 |    10 |       ||    25
Throw: Stone             |       |       |     8 ||     8
Invok: Potion Petition   |       |       |     1 ||     1
 Abil: Evoke Berserk Rag |       |       |     2 ||     2
  Use: Scroll            |     2 |     6 |     2 ||    10
       Potion            |     2 |       |     1 ||     3
 Stab: Sleeping          |     2 |    10 |     3 ||    15
       Distracted        |       |     1 |     1 ||     2
  Eat: Chunk             |     2 |    12 |     6 ||    20
       Ration            |       |       |     3 ||     3
Armor: Skin              |     9 |    12 |    20 ||    41
Dodge: Dodged            |    60 |   110 |   223 ||   393

Table legend:
 A = Non-vault XP
 B = Vault XP
 C = Vault XP percentage of total XP
 D = Non-vault monster count
 E = Vault monster count
 F = Vault count percentage of total count
                 A         B        C        D         E       F
            +---------+---------+-------+---------+---------+-------
      Total |    2153 |      37 |   1.7 |     132 |       1 |   0.8
            +---------+---------+-------+---------+---------+-------
        D:1 |      67 |       0 |   0.0 |      31 |       0 |   0.0
        D:2 |     126 |      37 |  22.7 |      24 |       1 |   4.0
        D:3 |      74 |       0 |   0.0 |      14 |       0 |   0.0
        D:4 |     596 |       0 |   0.0 |      26 |       0 |   0.0
        D:5 |     890 |       0 |   0.0 |      28 |       0 |   0.0
        D:6 |     389 |       0 |   0.0 |       8 |       0 |   0.0
        D:7 |      11 |       0 |   0.0 |       1 |       0 |   0.0
            +---------+---------+-------+---------+---------+-------
